cohdb
Replays
Latest Replays
All Replays
Popular Replays
Top Player Replays
Match Explorer
How It Works
Community
CoH3 Stats
Reddit
Sign in to upload your games and track your stats! →
Sign in with Steam
Match 39121033
Unlisted
Match 39121033
Overview
Messages
Build Orders
End
Selects Italian Combined Arms Battlegroup
Selects Bersaglieri Squad
Bersaglieri Squad
Kradschützen Motorcycle Team
Bersaglieri Squad
Bersaglieri Squad
Construct Light Support Kompanie
2.5-tonne Medical Truck
Selects Vehicle Support - Secure Location
Fire Support Elements
Assault Grenadier Squad
Assault Mechanized Group
MG34 Team
Construct Panzerarmee Kommand
Selects Breda Model 30 Light Machine Guns
Panzer III L Medium Tank
Armored Reserves
Panzerjäger Mechanized Group
Pak 38 Anti-tank Gun Team
Selects Semovente da 75/18 Assault Gun
Selects Strafing Run
Selects Artillery Cover
Artillery Cover
HighFive
只愛❤毛妹
0
0
Comments
sign in to comment!
No comments posted yet!